[Event "2nd Sharjah Masters 2018"]
[Site "Sharjah"]
[Date "2018.04.14"]
[Round "4"]
[White "Arjun Kalyan"]
[Black "Mullick, Raahil"]
[Result "1-0"]
[ECO "C65"]
[WhiteElo "2397"]
[BlackElo "2053"]
[Annotator "NA"]
[PlyCount "109"]
[EventDate "2018.??.??"]
[EventType "swiss"]
[EventCountry "UAE"]
[SourceTitle "playchess.com"]
[Source "ChessBase"]
[SourceQuality "1"]
[TimeControl "5400+30"]

1. e4 e5 2. Nf3 Nc6 3. Bb5 Nf6 4. d3 Bc5 5. O-O d6 6. c3 O-O 7. h3 Ne7 {[%emt 0:03:04] C65: Ruy Lopez: Berlin Defence (3...Nf6), unusual lines and 4 0-0 Bc5} 8. Re1 Ng6 9. Nbd2 c6 10. Ba4 Bb6 11. d4 Re8 12. Bc2 Bc7 13. a4 a5 14. Nf1 d5 15. exd5 {[%emt 0:05:46] [#]} e4 $146 16. d6 Qxd6 17. N3d2 Bf5 18. Nc4 Qe6 19. Bb3 Qd7 20. Ng3 {[%emt 0:05:20] [#]} Bxh3 $1 21. Ne5 $17 ({Wrong is} 21. gxh3 $2 Qxh3 22. Bg5 Bxg3 $19) 21... Nxe5 22. dxe5 Bxe5 23. Nxe4 Nxe4 24. Rxe4 Qxd1+ 25. Bxd1 Bf5 26. Re3 Rad8 27. Bf3 f6 28. g3 Kf7 29. Re1 Rd3 30. Be2 Rd6 31. f4 Bd4+ 32. cxd4 Rxd4 33. Kf2 Bc2 34. Be3 Rxa4 35. Rxa4 Bxa4 36. Bb6 Bb3 37. Bxa5 b5 38. Bb4 Bd5 39. Bh5+ g6 40. Rxe8 Kxe8 41. Bf3 Bxf3 42. Kxf3 Kd7 43. f5 gxf5 44. Kf4 Ke6 45. Bc5 Kd5 46. b4 Ke6 47. Bb6 h6 48. Ba7 h5 49. Bc5 Kf7 50. Kxf5 Kg7 51. Be7 Kh6 52. Bxf6 h4 53. Bxh4 Kh5 54. Bf6 Kh6 55. g4 1-0

[Event "2nd Sharjah Masters 2018"]
[Site "Sharjah"]
[Date "2018.04.14"]
[Round "4"]
[White "Rajdeep Sarkar"]
[Black "Reyes, Danilo G"]
[Result "1-0"]
[ECO "E09"]
[WhiteElo "2393"]
[BlackElo "1640"]
[Annotator "NA"]
[PlyCount "61"]
[EventDate "2018.??.??"]
[EventType "swiss"]
[EventCountry "UAE"]
[SourceTitle "playchess.com"]
[Source "ChessBase"]
[SourceQuality "1"]
[TimeControl "5400+30"]

1. d4 Nf6 2. Nf3 e6 3. c4 d5 4. Qc2 c6 5. g3 Be7 6. Bg2 O-O 7. O-O Nbd7 8. Nbd2 a6 {[%emt 0:01:43] E09: Closed Catalan: Main Line: 7 Qc2 c6 8 Nbd2} (8... b6 9. e4 Ba6 10. e5 Ne8 11. Re1 Rc8 12. cxd5 cxd5 13. Qd1 Qc7 14. Nb1 Qc2 15. Nc3 Qxd1 16. Rxd1 Nc7 17. h4 Nb5 {½-½ (69) Yu,Y (2751)-Le,Q (2737) Huaian 2017}) 9. e4 dxc4 10. Nxc4 h6 $146 ({Predecessor:} 10... b5 11. Nce5 c5 12. Nc6 Qe8 13. e5 Nd5 14. Nxe7+ Qxe7 15. Ng5 g6 16. Bxd5 exd5 17. Re1 f6 18. Nf3 cxd4 19. Bh6 Rf7 20. e6 {1-0 (20) Jedlicka,A (2222)-Socha,J (1951) Tatranska Lomnica 2017}) 11. Rd1 Nb6 12. Ne3 Bd7 13. Bd2 a5 14. Rac1 Bb4 15. Ne5 Qe7 16. Bxb4 axb4 17. Qc5 Qd8 18. Ra1 Bc8 19. Qxb4 Qc7 20. a4 Rd8 21. a5 Nbd7 22. Qe7 Rf8 $18 23. N3c4 Qd8 24. Qd6 Ne8 25. Qb4 Qc7 26. f4 f6 27. Ng6 Rf7 28. Bh3 c5 29. dxc5 Nxc5 30. Nb6 Rb8 31. Rac1 1-0

[Event "2nd Sharjah Masters 2018"]
[Site "Sharjah"]
[Date "2018.04.14"]
[Round "4"]
[White "Sidhant, Mohapatra"]
[Black "Priyanka Nutakki"]
[Result "1/2-1/2"]
[ECO "A20"]
[WhiteElo "2382"]
[BlackElo "1957"]
[Annotator "NA"]
[PlyCount "169"]
[EventDate "2018.??.??"]
[EventType "swiss"]
[EventCountry "UAE"]
[SourceTitle "playchess.com"]
[Source "ChessBase"]
[SourceQuality "1"]
[TimeControl "5400+30"]

1. c4 e5 2. g3 Nf6 3. Bg2 Nc6 4. Nc3 Bb4 5. Nd5 Bc5 6. e3 O-O 7. Ne2 d6 8. O-O Nxd5 9. cxd5 Ne7 10. d4 exd4 11. Nxd4 Ng6 {[%emt 0:03:27] A29: English Opening: Four Knights Variation with 4 g3} (11... Nf5 12. Ne2 Qf6 13. Rb1 a5 14. b3 Bd7 15. Bb2 Qh6 16. e4 Ne7 17. Bd4 b6 18. Qc1 Qh5 19. Nf4 {0-1 (39) Ivanchuk,V (2738)-Nepomniachtchi,I (2732) Leuven 2017}) 12. b3 a5 13. a3 Ne5 14. Bb2 Bg4 15. f3 Bd7 16. f4 $146 ({Find the theoretical novelty and annotate with similar games:} 16. h3 Qe8 17. f4 Ng6 18. Kh2 c6 19. Qd2 Ne7 20. dxc6 {½-½ (20) Dowden,R (2123)-Milligan,H (2015) Auckland 2010}) 16... Ng4 17. Qd3 Re8 18. Rae1 Nf6 (18... c6 $5) 19. h3 Rc8 20. Kh2 c6 21. dxc6 Bxc6 $14 22. e4 Bxd4 23. Bxd4 Nd7 24. b4 axb4 25. axb4 Nc5 26. Qb1 Ne6 27. Ba1 Bb5 28. Rf2 Qb6 29. Rd2 Rc4 30. f5 Nf8 31. Qd1 d5 32. Rxd5 Rxb4 33. Rd6 Qc7 34. Qd2 Ra4 35. Bxg7 Kxg7 36. Qg5+ Kh8 37. f6 Ne6 38. Qxb5 Rg8 39. Rd3 Ra2 40. Qb3 Rf2 41. Qc3 Qxc3 42. Rxc3 Nf4 43. Rg1 Nxg2 44. Rxg2 Rxf6 45. Rb2 Re8 46. Rc4 Rfe6 47. Rxb7 Rxe4 48. Rxe4 Rxe4 49. Rxf7 Re2+ 50. Kg1 Kg8 51. Rf2 Re3 52. Kg2 Kg7 53. Ra2 Kg6 54. Ra6+ Kg7 55. Kf2 Rb3 56. Re6 Ra3 57. Re3 Ra4 58. Kf3 Kf6 59. Re4 Ra5 60. Kg4 Rg5+ 61. Kh4 Ra5 62. Rb4 Kg6 63. Rb6+ Kg7 64. g4 Rc5 65. g5 Rc7 66. Kg4 Ra7 67. h4 Ra4+ 68. Kh5 Ra7 69. Rf6 Ra4 70. Re6 Ra7 71. Kg4 Ra4+ 72. Kg3 Ra3+ 73. Kf4 Ra4+ 74. Re4 Rxe4+ 75. Kxe4 h6 76. Kf5 hxg5 77. hxg5 Kf7 78. Kf4 Kg6 79. Kg4 Kg7 80. Kh5 Kh7 81. g6+ Kg7 82. Kg5 Kg8 83. Kf6 Kf8 84. g7+ Kg8 85. Kg6 1/2-1/2

[Event "2nd Sharjah Masters 2018"]
[Site "Sharjah"]
[Date "2018.04.14"]
[Round "4"]
[White "Sadhwani, Raunak"]
[Black "Salim Mohammed Salim Al Amri"]
[Result "1-0"]
[ECO "C50"]
[WhiteElo "2358"]
[BlackElo "1970"]
[Annotator "NA"]
[PlyCount "77"]
[EventDate "2018.??.??"]
[EventType "swiss"]
[EventCountry "UAE"]
[SourceTitle "playchess.com"]
[Source "ChessBase"]
[SourceQuality "1"]
[TimeControl "5400+30"]

1. e4 e5 2. Nf3 Nc6 3. Bc4 Nf6 4. d3 Bc5 5. O-O d6 6. c3 a6 7. a4 O-O 8. Bg5 {[%emt 0:02:39] C54: Giuoco Piano: 4 c3 Nf6, main lines with 5 d4 and 5 d3} (8. h3 h6 9. Re1 Re8 10. Nbd2 Be6 11. Bxe6 Rxe6 12. b4 Ba7 13. Qc2 Qd7 14. Nf1 d5 15. Ng3 Rd8 16. exd5 Qxd5 {½-½ (63) Carlsen,M (2834)-Kramnik,V (2787) Wijk aan Zee 2018}) 8... h6 9. Bh4 g5 10. Bg3 Bg4 11. h3 Bh5 12. Nbd2 g4 $146 ({Find the theoretical novelty and annotate with similar games:} 12... Ba7 13. Qe1 Bg6 14. Kh1 Nh5 15. Ng1 Kh8 16. Bh2 {0-1 (58) Aabling Thomsen,J (2375)-Hjartarson,J (2583) Reykjavik 2014}) 13. hxg4 Bxg4 14. Bh4 Kg7 15. Qc1 Ba7 16. Nh2 Be2 17. Ndf3 Bxf1 18. Nxf1 Qd7 19. Ng3 Ng4 20. Nf5+ Kh7 $18 21. Nh2 Ne3 22. fxe3 Rg8 23. Qd1 Rg6 24. Ng4 Rag8 25. Nf6+ Rxf6 26. Bxf6 Rg6 27. Bh4 f6 28. Qf3 Nd8 29. Rf1 c6 30. d4 b5 31. axb5 axb5 32. Ba2 c5 33. dxe5 dxe5 34. Rd1 Qc7 35. Bd5 c4 36. Qe2 Nf7 37. Bxf7 Qxf7 38. Rd5 Qb7 39. Qd2 1-0

[Event "2nd Sharjah Masters 2018"]
[Site "Sharjah"]
[Date "2018.04.14"]
[Round "4"]
[White "Zhu, Yilun"]
[Black "Soumya, Swaminathan"]
[Result "0-1"]
[ECO "B89"]
[WhiteElo "2195"]
[BlackElo "2354"]
[Annotator "NA"]
[PlyCount "108"]
[EventDate "2018.??.??"]
[EventType "swiss"]
[EventCountry "UAE"]
[SourceTitle "playchess.com"]
[Source "ChessBase"]
[SourceQuality "1"]
[TimeControl "5400+30"]

1. e4 c5 2. Nc3 Nc6 3. Nge2 d6 4. d4 cxd4 5. Nxd4 Nf6 6. Bc4 e6 7. Be3 a6 8. Qe2 Qc7 9. Bb3 Na5 10. g4 Rb8 {[%emt 0:20:13] B89: Sicilian: Velimirovic Attack} (10... b5 $11 11. g5 Nd7 12. Bxe6 fxe6 13. Nxe6 Qc4 14. Nd5 Qxe2+ 15. Kxe2 Rb8 16. f4 Nc6 17. Rad1 Nc5 18. Nec7+ Kf7 19. Kf3 Ne6 {0-1 (43) Antonio,V (2402)-Istratescu,A (2595) Graz 2018}) 11. g5 Nxb3 12. axb3 $146 ({Predecessor:} 12. cxb3 Nd7 13. Rc1 Qd8 14. h4 Be7 15. Rg1 Ne5 16. f4 Nc6 17. f5 Ne5 18. Rc2 {1-0 (33) Berezjuk,S (2390)-Belunek,V (2230) Tatranska Lomnica 1997}) 12... Nd7 13. f4 Be7 14. f5 Ne5 15. fxe6 ({Better is} 15. O-O-O $16) 15... fxe6 16. Rf1 Nf7 17. Qg4 Qd7 18. O-O-O g6 19. Qg2 b5 20. h4 b4 $11 21. Na4 e5 22. Nf5 gxf5 23. exf5 Bb7 24. Qg3 Be4 25. Nc5 Qc6 26. Nxe4 Qxe4 27. f6 Bd8 28. Qh3 Kf8 29. Rfe1 Qc6 30. h5 a5 31. Qf5 a4 32. g6 hxg6 33. hxg6 Rh2 34. gxf7 axb3 35. Rd2 Rxd2 36. Bh6+ Kxf7 37. Qh5+ Ke6 38. Qh3+ Kd5 39. Qxb3+ Kc5 40. f7 Bh4 41. Bxd2 Bxe1 42. Bxe1 Qe4 43. Bf2+ Kb5 44. Qe6 Qc6 45. Qf5 b3 46. c3 Rf8 47. Qe6 Ka4 48. Qe7 Qh1+ 49. Kd2 Qd5+ 50. Kc1 Qh1+ 51. Kd2 Qd5+ 52. Kc1 Qxf7 53. Qxd6 Qf4+ 54. Kd1 Qf3+ 0-1

[Event "2nd Sharjah Masters 2018"]
[Site "Sharjah"]
[Date "2018.04.14"]
[Round "4"]
[White "Polakhare Aryan"]
[Black "Hejazipour, Mitra"]
[Result "0-1"]
[ECO "B50"]
[WhiteElo "1966"]
[BlackElo "2304"]
[Annotator "NA"]
[PlyCount "108"]
[EventDate "2018.??.??"]
[EventType "swiss"]
[EventCountry "UAE"]
[SourceTitle "playchess.com"]
[Source "ChessBase"]
[SourceQuality "1"]
[TimeControl "5400+30"]

1. e4 c5 2. Nf3 d6 3. Nc3 a6 4. Be2 Nf6 5. e5 dxe5 6. Nxe5 e6 7. Bf3 Qc7 8. d4 cxd4 9. Qxd4 Bc5 10. Qa4+ Nbd7 11. Nd3 O-O 12. Nxc5 Nxc5 13. Qh4 e5 14. Bg5 e4 {[%emt 0:01:03] [#]} 15. Be2 $1 ({Wrong is} 15. Bxe4 $2 Nfxe4 16. Nxe4 Re8 $19) ({Not} 15. Nxe4 Ncxe4 16. Bxe4 Qa5+ 17. Bd2 Qe5 $17) 15... Qe5 16. Rd1 $16 (16. O-O-O $142) 16... Be6 17. Bxf6 gxf6 18. Qg3+ Qxg3 19. hxg3 f5 20. Nd5 Kg7 21. Nf4 Rfd8 22. b3 b5 23. Nh5+ Kf8 24. Nf6 Ke7 25. Rh6 Rxd1+ 26. Bxd1 b4 27. Nxh7 Rg8 28. Nf6 Rg6 29. Rxg6 fxg6 30. Nh7 Bd5 31. Ng5 Kf6 32. Nh3 g5 33. Kd2 Ne6 34. c3 a5 35. c4 Bc6 36. Ke3 Ke5 37. f4+ exf3 38. gxf3 f4+ 39. gxf4+ gxf4+ 40. Kd3 Be8 41. Nf2 Bg6+ 42. Kd2 Kd4 43. Nh3 Bb1 44. Kc1 Bf5 45. Ng1 Ke3 46. Kb2 Nc5 47. a3 Nd3+ 48. Ka2 Kd2 49. Ne2 Nc1+ 50. Nxc1 Kxc1 51. Be2 Kd2 52. axb4 axb4 53. Bf1 Ke1 54. c5 Kxf1 0-1

[Event "2nd Sharjah Masters 2018"]
[Site "Sharjah"]
[Date "2018.04.14"]
[Round "4"]
[White "Mahitosh Dey"]
[Black "Assaubayeva, Bibisara"]
[Result "0-1"]
[ECO "C45"]
[WhiteElo "1913"]
[BlackElo "2359"]
[Annotator "NA"]
[PlyCount "86"]
[EventDate "2018.??.??"]
[EventType "swiss"]
[EventCountry "UAE"]
[SourceTitle "playchess.com"]
[Source "ChessBase"]
[SourceQuality "1"]
[TimeControl "5400+30"]

1. e4 e5 2. Nf3 Nc6 3. d4 exd4 4. Nxd4 Nf6 5. Nxc6 bxc6 6. e5 Qe7 7. Qe2 Nd5 8. c4 Ba6 9. Nd2 g6 10. Nf3 {[%emt 0:00:06] C45: Scotch Game} Qb4+ 11. Kd1 Bg7 (11... Rb8 12. Qc2 Ne7 13. a3 Qb6 14. b4 c5 15. Bd3 cxb4 16. axb4 Bb7 17. b5 Bg7 {½-½ (30) Ponkratov,P (2613)-Svidler,P (2765) Riadh 2017}) 12. Qc2 Nb6 13. Bd2 $146 ({Predecessor:} 13. b3 O-O 14. Bb2 d5 15. cxd5 Bxf1 16. Rxf1 Rfd8 17. Ke2 Nxd5 {0-1 (37) Nestorovic,N (2464)-Blagojevic,D (2524) Skopje 2011}) 13... Qe7 14. Bg5 Qe6 15. b3 O-O 16. Bd3 d6 17. Re1 dxe5 18. Re2 Nd7 19. Ke1 f5 20. Rd1 e4 21. Bf4 (21. Bxe4 {might work better.} fxe4 22. Rxe4) 21... Nc5 22. Ng5 Qf6 23. Bxe4 $19 Nxe4 24. Nxe4 fxe4 25. Rxe4 Bc8 26. Be5 Qf7 27. Bxg7 Qxg7 28. Qe2 Bf5 29. Re7 Qxe7 30. Qxe7 Rfe8 31. Qxe8+ Rxe8+ 32. Kd2 Rd8+ 33. Ke2 Rxd1 34. Kxd1 c5 35. Kd2 Kf7 36. Kc3 Ke6 37. f4 Be4 38. g3 Kf5 39. b4 cxb4+ 40. Kxb4 Kg4 41. Kb5 Bb7 42. a4 Kh3 43. a5 h5 0-1